 Dungeon Crawl Stone Soup version 0.26-a0-712-ga5a9c9c9d0 (webtiles) character file.

Game seed: 15888664565611564384

371 kae the Changer (level 6, 0/51 HPs)
             Began as a Naga Transmuter on Nov 5, 2020.
             Killed from afar by Natasha (7 damage)
             ... with a magic dart
             ... on level 3 of the Dungeon.
             The game lasted 00:02:31 (2955 turns).

kae the Changer (Naga Transmuter)                   Turns: 2955, Time: 00:02:32

Health: 0/51       AC:  2    Str: 14    XL:     6   Next: 70%
Magic:  6/10       EV: 19    Int: 13    God:
Gold:   201        SH:  0    Dex: 17    Spells: 7/11 levels left

rFire    . . .     SeeInvis +     - Unarmed
rCold    . . .     Faith    .   (shield currently unavailable)
rNeg     . . .     Spirit   .   (armour currently unavailable)
rPois    x         Reflect  .   (helmet currently unavailable)
rElec    .         Harm     .   (cloak currently unavailable)
rCorr    .         Rampage  .   (gloves currently unavailable)
MR       .....                  (no barding)
Stlth    ++........             (no amulet)
HPRegen  0.17/turn              (no ring)
MPRegen  0.12/turn              (no ring)

@: spider-form (expiring)
A: tiny, see invisible, spit poison 1, AC +2
a: Spit Poison, End Transformation


You were on level 3 of the Dungeon.
You were a venomous arachnid creature.
You visited 1 branch of the dungeon, and saw 3 of its levels.

You collected 201 gold pieces.

Inventory:

Armour
 a - a +0 robe (melded)
Jewellery
 b - a +6 ring of strength {unknown}
 d - an uncursed ring of fire
 j - an uncursed ring of protection from fire {unknown}
 o - an uncursed ring of fire
Wands
 q - a wand of iceblast (10)
Scrolls
 e - 2 scrolls of blinking {unknown}
 g - a scroll of remove curse {unknown}
 h - a scroll of amnesia {unknown}
 i - 2 scrolls of magic mapping {unknown}
 m - a scroll of immolation {unknown}
 n - 4 scrolls of identify {unknown}
 p - a scroll of teleportation {unknown}
 r - 2 scrolls of enchant weapon {unknown}
 s - a scroll of fear {unknown}
Potions
 c - a potion of curing
 f - a potion of flight {unknown}
 k - a potion of magic {unknown}
 l - a potion of heal wounds {unknown}
 t - a potion of lignification {unknown}


   Skills:
 - Level 1.0 Fighting
 - Level 1.5 Dodging
 + Level 4.3 Unarmed Combat
 + Level 3.0 Spellcasting
 * Level 4.9 Transmutations
 - Level 3.0 Poison Magic


You had 7 spell levels left.
You knew the following spells:

 Your Spells              Type           Power        Failure   Level
a - Beastly Appendage     Tmut           ##....       11%         1
b - Spider Form           Tmut/Pois      ##........   32%         3

Your spell library contained the following spells:

 Spells                   Type           Power        Failure   Level
 Wereblood                Tmut           ##......     14%         2
 Ice Form                 Ice/Tmut       #.......     82%         4
 Blade Hands              Tmut           ##........   82%         5


Dungeon Overview and Level Annotations

Branches:
Dungeon (3/15)

Altars:
Nemelex Xobeh

Annotations:
D:3 2 transporters, Bliebski's ghost, amateur OpTm; Natasha


Innate Abilities, Weirdness & Mutations

You cannot wear boots.
((Your serpentine skin is tough. (AC +2)))
You have supernaturally acute eyesight. (SInv)
((Armour fits poorly on your strangely shaped body.))
((Your system is resistant to poisons. (rPois)))
((You cover ground very slowly.))
You can spit poison.


Message History

Natasha stares at you and mumbles some strange words.
The magic dart hits you. The rat closely misses you.
You hit Natasha but do no damage.
Natasha is poisoned.
The bat hits you but does no damage. The goblin hits you.
* * * LOW HITPOINT WARNING * * *
Natasha drinks a potion.
Natasha looks more healthy.
The rat closely misses you.
You hit Natasha.
Natasha is poisoned.
Natasha is lightly wounded.
The bat hits you but does no damage. The goblin barely misses you.
Natasha casts a spell at you. The magic dart hits you!
* * * LOW HITPOINT WARNING * * *
The rat barely misses you.
You hit Natasha.
Natasha is moderately wounded.
The bat closely misses you. The goblin closely misses you.
Natasha stares at you and mumbles some strange words.
The magic dart hits you!
You die...

#.....####............)...#
#.....# #.............(.).
####### #.###.............
#.# #.#..###...... ##.#
#...## #.(##.. #..# #.###
#...#.. ###.####..#
#..#.... #.........#
#.###... #...sg..#.# #.
#.#. #..hbr.## ....
#.........# # .......[..#
#. ####....... ## #........
#.[....... #####......


You could see Natasha (very poisoned), a goblin, a bat and a rat.

Vanquished Creatures
  Sigmund (D:3)
  An orc wizard (D:2)
  Jessica (D:3)
  3 gnolls
  3 adders (D:2)
  2 oozes
  2 worms (D:2)
  3 dart slugs
  2 leopard geckos (D:3)
  3 orcs (D:3)
  2 giant cockroaches
  10 goblins
  11 hobgoblins
  7 kobolds
  A quokka (D:2)
  8 bats
  4 frilled lizards
  A giant cockroach zombie (D:3)
  5 rats
70 creatures vanquished.

Notes
Turn   | Place    | Note
-------+----------+-------------------------------------------
     0 | D:1      | kae the Naga Transmuter began the quest for the Orb.
     0 | D:1      | Reached XP level 1. HP: 18/18 MP: 3/3
    83 | D:1      | Reached XP level 2. HP: 13/25 MP: 3/5
   587 | D:1      | Reached XP level 3. HP: 31/31 MP: 4/6
   607 | D:1      | Learned a level 3 spell: Spider Form
  1042 | D:2      | Reached skill level 1 in Poison Magic
  1376 | D:2      | Reached XP level 4. HP: 32/38 MP: 3/7
  1933 | D:2      | Found a sparkling altar of Nemelex Xobeh.
  2167 | D:2      | Reached XP level 5. HP: 35/44 MP: 6/8
  2273 | D:3      | Found a transporter.
  2537 | D:3      | Identified the +8 dire flail of Honour {drain, *Drain
                  | +Blink rF+ rN+}
  2537 | D:3      | Noticed an ogre
  2538 | D:3      | Noticed Bliebski's ghost (amateur OpTm)
  2539 | D:3      | Found a transporter.
  2539 | D:3      | Noticed an ogre
  2606 | D:3      | Noticed Jessica
  2611 | D:3      | Killed Jessica
  2939 | D:3      | Noticed Sigmund
  2940 | D:3      | Noticed Natasha
  2952 | D:3      | Killed Sigmund
  2952 | D:3      | Reached XP level 6. HP: 21/51 MP: 6/10
  2955 | D:3      | Killed from afar by Natasha

Illustrated notes

Levels and vault maps discovered:
D:1:      mushboom_english_gardens, layout_rooms
D:2:      layout_loops_ring, lemuel_round_altar
D:3:      layout_rooms, gammafunk_ghost_smash, interstate_on_off,
          hangedman_abyss_or_decor_stabs, uniq_sigmund, uniq_natasha,
          uniq_jessica

Skill      XL: |  1  2  3  4  5 |
---------------+----------------+-----
Transmutations | 3 4 |  4.9
Poison Magic   | 1 2 3 |  3.0
Unarmed Combat | 4 |  4.3
Spellcasting   | 3 |  3.0
Fighting       | |  1.0
Dodging        | |  1.5

Action                   |  1- 3 |  4- 6 || total
-------------------------+-------+-------++-------
Melee: Unarmed           |    73 |    77 ||   150
       Headbutt          |     5 |       ||     5
 Cast: Beastly Appendage |    20 |     5 ||    25
       Spider Form       |     2 |    16 ||    18
 Abil: Spit Poison       |    28 |    17 ||    45
  Use: Potion            |       |     1 ||     1
Armor: Robe              |     8 |     3 ||    11
       Skin              |     1 |     4 ||     5
Dodge: Dodged            |    45 |    69 ||   114

Table legend: (Time is in decaauts)
 A = Elapsed time spent in this place.
 B = Non-inter-level travel time spent in this place.
 C = Inter-level travel time spent in this place.
 D = Time resting spent in this place.
 E = Time spent auto-exploring this place.
 F = Levels seen in this place.
 G = Mean time per level.
                   A        B        C        D        E       F      G
               +--------+--------+--------+--------+--------+-----+--------+
         Total |   3394 |   3343 |     51 |     87 |   2742 |   3 | 1131.3 |
       Dungeon |   3394 |   3343 |     51 |     87 |   2742 |   3 | 1131.3 |
               +--------+--------+--------+--------+--------+-----+--------+

Top non-repeatable levels by time:
     D:2: 1726 daAuts
     D:1: 858 daAuts
     D:3: 809 daAuts
